 Dungeon Crawl Stone Soup version 0.29.0-4-gdea44cf6ec (webtiles) character file.

Game seed: 248604955146416597

225 concernfroge the Trooper (level 5, -5/47 HPs)
             Began as a Mummy Monk on Aug 27, 2022.
             Slain by a gnoll
             ... wielding a +0 halberd
             ... led by a gnoll bouda
              (17 damage)
             ... on level 4 of the Dungeon on Aug 28, 2022.
             The game lasted 00:08:07 (3230 turns).

concernfroge the Trooper (Mummy Monk)               Turns: 3230, Time: 00:08:08

Health: -5/47      AC: 10    Str: 16    XL:     5   Next: 68%
Magic:  5/5        EV:  7    Int:  9    God:
Gold:   180        SH:  0    Dex: 15    Spells: 4/4 levels left

rFire   . . .      SeeInvis .   e - +0 war axe
rCold   . . .      Faith    .   (no shield)
rNeg    + + +      Spirit   .   h - +0 chain mail
rPois   ∞          Reflect  .   g - +0 helmet
rElec   .          Harm     .   (no cloak)
rCorr   .          Rampage  .   (no gloves)
Will    .....                   m - +0 pair of boots
Stlth   ..........              (no amulet)
HPRegen 0.15/turn               b - ring of fire
MPRegen 0.09/turn               (no ring)

@: no status effects
A: cold resistance 1, negative energy resistance 3, torment resistance 2, heat
vulnerability 1, in touch with death 1, no potions
a: no special abilities


You were on level 4 of the Dungeon.
You visited 1 branch of the dungeon, and saw 4 of its levels.

You collected 180 gold pieces.

Inventory:

Hand Weapons
 e - a +0 war axe (weapon)
Missiles
 c - 12 poisoned darts
 l - a datura-tipped dart (quivered)
Armour
 g - a +0 helmet (worn)
 h - a +0 chain mail (worn)
 m - a +0 pair of boots (worn)
Jewellery
 b - a ring of fire (left hand)
Wands
 o - a wand of charming (6)
Scrolls
 a - a scroll of fog
 d - 2 scrolls of fear
 f - a scroll of silence
 i - a scroll of teleportation {unknown}
 j - a scroll of amnesia {unknown}
 k - a scroll of enchant armour {unknown}
 n - a scroll of noise {unknown}


   Skills:
 + Level 6.5 Fighting
 - Level 2.4 Axes
 - Level 2.4 Dodging
 - Level 1.5 Stealth


You had 4 spell levels left.
You didn't know any spells.
Your spell library contained the following spells:

 Spells                   Type           Power      Damage    Failure   Level
 Shock                    Conj/Air       0%         1d3       100%        1
 Slow                     Hex            0%         N/A       100%        1
 Confusing Touch          Hex            0%         N/A       100%        3
 Swiftness                Air            0%         N/A       100%        3
 Vampiric Draining        Necr           0%         2d6       100%        3
 Airstrike                Air            0%         2d(0-16)  100%        4


Dungeon Overview and Level Annotations

Branches:
Dungeon (4/15)
 Temple: D:4-7

Altars:
Gozag
Qazlal
Uskayaw

Annotations:
D:2 Sigmund


Innate Abilities, Weirdness & Mutations

You are immune to poison.
Your flesh is cold resistant. (rC+)
You are immune to negative energy. (rN+++)
You are immune to unholy pain and torment.
You are vulnerable to heat. (rF-)
You are in touch with the powers of death.
You do not drink.


Message History

You kill the gnoll!
No target in view!
An endoplasm comes into view.
The endoplasm quivers.
You slash the endoplasm!
You kill the endoplasm!
No target in view!
Things that are here:
a +0 club; a gnoll corpse
Found a stone staircase leading down.
A gnoll comes into view. It is wielding a +0 halberd.
The gnoll moves out of view.
A gnoll is nearby!
You throw a datura-tipped dart.
The datura-tipped dart barely misses the gnoll.
You throw a datura-tipped dart. The datura-tipped dart hits the gnoll.
The gnoll flies into a frenzy!
The gnoll barely misses you.
The gnoll hits you from afar with a +0 halberd!
What are your orders? t - Shout!
Orders for allies: a - Attack new target. p - Attack previous target. r - Retreat! s - Stop attacking. g - Guard the area. f - Follow me.
Anything else - Cancel.
You shout for attention!
The gnoll hits you from afar with a +0 halberd.
The gnoll shouts!
The gnoll barely misses you.
The gnoll shouts!
The gnoll barely misses you.
The gnoll hits you from afar with a +0 halberd.
The gnoll hits you from afar with a +0 halberd!
The gnoll hits you from afar with a +0 halberd.
The gnoll hits you from afar with a +0 halberd.
* * * LOW HITPOINT WARNING * * *
The gnoll shouts!
The gnoll barely misses you.
The gnoll shouts!
The gnoll hits you from afar with a +0 halberd!
You die...

# #.#.#)#######..#
# #.#.#.#........#
# #.#.#.#.####...#
# #.#.#.#.# #...#
####.#.#.#.# #...#
.....#.#.#.# #...#
#......#.#.# #...#
#.#....#.#.####...#
#.#.##.#......g.@>#
#.#.#..###.#####..#
#.#.#..# #.# #..#
#.#.#..# #.# #..#
#.#.######.# #..#
#.#........# #..#
#.##############..#
# ..........# ###
#######...#


You could see a neutral gnoll (fast, strong, insane).

Vanquished Creatures
  An orc priest (D:3)
  Jessica (D:3)
  2 iguanas (D:4)
  A gnoll (D:4)
  3 adders
  2 dart slugs
  11 orcs
  3 ball pythons
  9 endoplasms
  A giant cockroach (D:2)
  9 goblins
  5 hobgoblins
  2 quokkas (D:3)
  A bat (D:3)
  4 frilled lizards
  5 kobolds
  4 rats
64 creatures vanquished.

Vanquished Creatures (collateral kills)
  A bat (D:3)
  A goblin (D:3)
2 creatures vanquished.

Grand Total: 66 creatures vanquished

Notes
Turn   | Place    | Note
-------+----------+-------------------------------------------
     0 | D:1      | concernfroge the Mummy Monk began the quest for the Orb.
     0 | D:1      | Reached XP level 1. HP: 18/18 MP: 1/1
   205 | D:1      | Found a faded altar of an unknown god.
   363 | D:1      | Reached XP level 2. HP: 24/24 MP: 2/2
   929 | D:2      | Noticed Sigmund
  1008 | D:2      | Reached skill level 4 in Fighting
  1486 | D:3      | Gained mutation: You are in touch with the powers of death.
                  | [Mummy growth]
  1486 | D:3      | Reached XP level 3. HP: 30/30 MP: 3/3
  1968 | D:3      | Noticed Jessica
  1989 | D:3      | Killed Jessica
  1990 | D:3      | Reached skill level 5 in Fighting
  1990 | D:3      | Reached XP level 4. HP: 28/39 MP: 4/4
  2696 | D:4      | Reached XP level 5. HP: 46/46 MP: 5/5
  2717 | D:4      | Found an opulent altar of Gozag.
  2882 | D:4      | Found a stormy altar of Qazlal.
  2882 | D:4      | Found a hide-covered altar of Uskayaw.
  2889 | D:4      | Reached skill level 6 in Fighting
  3230 | D:4      | Slain by a gnoll

Illustrated notes

Levels and vault maps discovered:
D:1:      sevenhm_arrival_forest_fort_small_5, layout_basic,
          hellmonk_ecumenical_altar_crossroads, skrybe_limestone_x,
          grunt_decor_junction, columned_hall_lemuel
D:2:      layout_loops_ring, uniq_sigmund
D:3:      layout_basic, uniq_jessica
D:4:      layout_basic, lemuel_tele_altar, mainiacjoe_overflow_divided_tiny,
          st_stairs_5, grunt_decor_resistance

Skill      XL: |  1  2  3  4  5 |
---------------+----------------+-----
Fighting       | 4 5 6 |  6.5
Axes           | |  2.4
Dodging        | |  2.4
Stealth        | |  1.5

Action                   |  1- 3 |  4- 6 || total
-------------------------+-------+-------++-------
Melee: Hand axe          |    15 |       ||    15
       War axe           |    83 |    69 ||   152
       Punch             |     1 |       ||     1
Throw: Dart              |     4 |     6 ||    10
  Use: Scroll            |     3 |       ||     3
 Stab: Sleeping          |     2 |       ||     2
Armor: Robe              |     2 |       ||     2
       Chain mail        |    42 |    31 ||    73
       Leather armour    |     3 |       ||     3
Dodge: Dodged            |    47 |    33 ||    80
